 Dungeon Crawl Stone Soup version 0.31.0-12-g77e489cdc1 (webtiles) character file.

Game seed: 15691052102222593332

90 Gadfly the Shooter (level 4, -3/27 HPs)
             Began as a Kobold Hunter on Mar 3, 2024.
             Slain by an iguana (7 damage)
             ... on level 3 of the Dungeon.
             The game lasted 00:04:48 (2359 turns).

Gadfly the Shooter (Kobold Hunter)                  Turns: 2359, Time: 00:04:48

Health: -3/27      AC:  3    Str:  8    XL:     4   Next: 85%
Magic:  5/5        EV: 15    Int: 10    God:
Gold:   86         SH:  0    Dex: 20    Spells: 3/3 levels left

rFire   . . .        a - +0 shortbow
rCold   . . .        (shield currently unavailable)
rNeg    . . .        c - +0 leather armour
rPois   .            (no helmet)
rElec   .            (no cloak)
rCorr   .            (no gloves)
SInv    .            (no boots)
Will    .....        (no amulet)
Stlth   +++          (no ring)
HPRegen 0.24/turn    (no ring)
MPRegen 0.09/turn

%: no passive effects
@: no status effects
A: small, no large weapons, nightstalker 3
a: no special abilities


You were on level 3 of the Dungeon.
You visited 1 branch of the dungeon, and saw 3 of its levels.

You collected 86 gold pieces.

Inventory:

Hand Weapons
 a - a +0 shortbow (weapon)
Armour
 c - a +0 leather armour (worn)
 k - an orb of light
Jewellery
 e - a ring of ice
Scrolls
 b - a scroll of butterflies
 i - a scroll of teleportation
 l - a scroll of identify {unknown}
Potions
 d - a potion of lignification {unknown}
 f - a potion of might {unknown}
 g - a potion of magic {unknown}
 h - a potion of brilliance {unknown}
 j - a potion of cancellation {unknown}


   Skills:
 + Level 2.8 Fighting
 + Level 5.7 Ranged Weapons
 + Level 3.0 Dodging
 - Level 1.3 Stealth
 * Level 2.0 Invocations
 * Level 2.3 Evocations


You had 3 spell levels left.
You didn't know any spells.
Your spell library contained the following spells:

 Spells                   Type           Power      Damage    Failure   Level
 Sting                    Conj/Alch      0%         1d3       50%         1
 Mercury Vapours          Alch/Air       0%         N/A       63%         2
 Tukima's Dance           Hex            0%         N/A       86%         3
 Olgreb's Toxic Radiance  Alch           0%         N/A       99%         4
 Passage of Golubria      Tloc           0%         N/A       99%         4
 Yara's Violent Unravell  Hex/Alch       0%         3d3       100%        5


Dungeon Overview and Level Annotations

Branches:
Dungeon (3/15)

Altars:


Innate Abilities, Weirdness & Mutations

You are small and have problems with some larger weapons.
You are completely attuned to the shadows.


Message History

The iguana bites you.
You shoot an arrow. The arrow hits the iguana.
The iguana is lightly wounded.
The iguana bites you but does no damage.
The iguana closely misses you.
You shoot an arrow.
The arrow hits the iguana but does no damage.
The iguana is lightly wounded.
The iguana misses you.
You shoot an arrow. The arrow hits the iguana.
The iguana is moderately wounded.
The iguana bites you!
You shoot an arrow. The arrow hits the iguana.
The iguana is heavily wounded.
The iguana bites you but does no damage.
You shoot an arrow.
The arrow hits the iguana but does no damage.
The iguana is heavily wounded.
The iguana bites you!
* * * LOW HITPOINT WARNING * * *
You are too injured to fight recklessly!
You are too injured to fight recklessly!
You are too injured to fight recklessly!
You are too injured to fight recklessly!
You are too injured to fight recklessly!
You are too injured to fight recklessly!
You are too injured to fight recklessly!
You are too injured to fight recklessly!
You are too injured to fight recklessly!
You are too injured to fight recklessly!
You are too injured to fight recklessly!
You are too injured to fight recklessly!
You are too injured to fight recklessly!
You are too injured to fight recklessly!
You are too injured to fight recklessly!
You are too injured to fight recklessly!
You are too injured to fight recklessly!
Unknown command.
The iguana bites you!
You die...

#.# # .###.###
)....... #####.##
###### #####.##
#..... ......#
#.# ####..#
####.#### #..#
#<@l....# #..#
#.#####.# #..# #.
#.### #..# ..
#...# #..# #..
#.#.# #..#
#####.#.## #..#
.......#.####..##
#.#..###........
###.#)##
##.##..##


You could see an iguana.

Vanquished Creatures
  A gnoll (D:2)
  5 adders
  A dart slug (D:1)
  3 endoplasms (D:2)
  A goblin (D:1)
  3 hobgoblins
  2 jackals (D:2)
  2 quokkas
  5 ball pythons
  3 bats
  6 frilled lizards
  3 kobolds
  4 rats
39 creatures vanquished.

Notes
Turn   | Place    | Note
-------+----------+-------------------------------------------
     0 | D:1      | Gadfly the Kobold Hunter began the quest for the Orb.
     0 | D:1      | Reached XP level 1. HP: 12/12 MP: 1/1
   363 | D:1      | Reached XP level 2. HP: 17/17 MP: 2/2
   522 | D:1      | Reached skill level 1 in Evocations
   814 | D:2      | Reached skill level 1 in Invocations
   918 | D:2      | Reached XP level 3. HP: 22/22 MP: 3/3
  1277 | D:2      | Reached XP level 4. HP: 27/27 MP: 5/5
  2359 | D:3      | Slain by an iguana

Illustrated notes

Levels and vault maps discovered:
D:1:      evilmike_arrival_crescent, layout_basic, due_unseen_surprise
D:2:      layout_basic, serial_bayou, serial_bayou_crossing,
          serial_bayou_lake_a, serial_bayou_shore_a, serial_bayou_pond_d,
          chequers_serial_rivers_marsh, cheibrodos_gnoll_hut
D:3:      layout_loops_ring

Skill      XL: |  1  2  3  4 |
---------------+-------------+-----
Evocations     | 1 2 |  2.3
Invocations    | 1 2 |  2.0
Dodging        | 3 |  3.0
Fighting       | |  2.8
Ranged Weapons | |  5.7
Stealth        | |  1.3

Action                     |  1- 3 |  4- 6 || total
---------------------------+-------+-------++-------
   Fire: Shortbow          |    59 |    47 ||   106
    Use: Scroll            |     3 |       ||     3
 Armour: Leather armour    |     8 |    19 ||    27
         Robe              |     5 |       ||     5
  Dodge: Dodged            |    15 |    29 ||    44
